 Dungeon Crawl Stone Soup version 0.31.0-9-g3a7656b989 (webtiles) character file.

Game seed: 10806712334768004849

56 qw the Shooter (level 3, 0/18 HPs)
             Began as a Spriggan Hunter on Feb 2, 2024.
             Succumbed to their own poison gas
             ... on level 2 of the Dungeon.
             The game lasted 00:00:05 (1792 turns).

qw the Shooter (Spriggan Hunter)                    Turns: 1792, Time: 00:00:05

Health: 0/18       AC:  2    Str:  7    XL:     3   Next: 71%
Magic:  4/4        EV: 19    Int: 10    God:
Gold:   125        SH:  0    Dex: 20    Spells: 2/2 levels left

rFire   . . .        a - +2 shortbow
rCold   . . .        (shield currently unavailable)
rNeg    . . .        c - +0 robe
rPois   .            (helmet restricted)
rElec   .            (no cloak)
rCorr   .            (gloves unavailable)
SInv    +            (boots unavailable)
Will    .....        (no amulet)
Stlth   ++           (no ring)
HPRegen 0.23/turn    (no ring)
MPRegen 0.09/turn

%: no passive effects
@: lethally poisoned (0 -> -6), very quick
A: very small, no large weapons, unfitting armour, see invisible, speed 3
a: no special abilities


You were on level 2 of the Dungeon.
You visited 1 branch of the dungeon, and saw 2 of its levels.

You collected 125 gold pieces.


Innate Abilities, Weirdness & Mutations

You are very small and have problems with some larger weapons.
You are too small for most types of armour.
You have supernaturally acute eyesight. (SInv)
You cover ground extremely quickly. (Speed+++)


   Skills:
 - Level 1.5 Fighting
 + Level 4.9 Ranged Weapons
 - Level 4.0 Dodging
 - Level 1.5 Stealth


You had 2 spell levels left.
You didn't know any spells.
Your spell library was empty.

Inventory:

Hand Weapons
 a - a +2 shortbow (weapon)
Armour
 c - a +0 robe (worn)
Potions
 i - a potion of haste

Dungeon Overview and Level Annotations

Branches:
Dungeon (2/15)

Altars:


Message History

You open the door.
There is an open door here.
You open the door.
There is an open door here.
You see here a +0 ring mail.
There is an open door here.
Done exploring.
Done exploring.
1786 ||| READING scroll labelled BEEMIUFRIB.
The air fills with toxic fumes!
As you read the scroll labelled BEEMIUFRIB, it crumbles to dust.
It was a scroll of poison.
Done exploring.
What level of the Dungeon? (default 2, ? - help) Sorry, I don't know how to get there.
Enter note:
Enter note:
Enter note:
Enter note:
Enter note:
Enter note:
Enter note:
Enter note:
Enter note:
Enter note:
Enter note:
Enter note: You are engulfed in poison gas.
You are lethally poisoned!
You feel very sick.
1788 ||| Stepping ~*~*~tactically~*~*~ (cloud).
You feel sick.
There is a lethal amount of poison in your body!
You feel very sick.
There is a lethal amount of poison in your body!
You feel very sick.
There is a lethal amount of poison in your body!
You feel sick.
There is a lethal amount of poison in your body!
You die...

#.# #.# ##'## # #.#
########.# #.# #
#####.# #........#
#.# # ......#
#.######## ##.## #
####### #.# ##...## #
#.# #.....# # #.#
##...## #¤####
###.######
#¤0¤@#######.........
####¤¤¤¤¤¤¤¤.#.######
###########.#
#.###### #...%...
#.###### #.######
##### ##.#...##
###...# #####........


There were no monsters in sight!

Vanquished Creatures
  3 adders (D:2)
  3 bats
  An endoplasm (D:2)
  2 giant cockroaches
  2 hobgoblins (D:1)
  2 kobolds (D:1)
  4 quokkas
  3 ball pythons (D:1)
  4 frilled lizards
  3 goblins
  2 rats (D:2)
29 creatures vanquished.

Notes
Turn   | Place    | Note
-------+----------+-------------------------------------------
     0 | D:1      | qw the Spriggan Hunter began the quest for the Orb.
     0 | D:1      | Reached XP level 1. HP: 10/10 MP: 2/2
     0 | D:1      | 0 ||| qw: Version: 0.3-a-155-g5e7d8dd
     0 | D:1      | 0 ||| qw: Game counter: 2438
     0 | D:1      | 0 ||| qw: Melee chars always use a shield: true
     0 | D:1      | 0 ||| qw: God list: Okawaru
     0 | D:1      | 0 ||| qw: Allow faded altars: false
     0 | D:1      | 0 ||| qw: Do Orc after clearing Dungeon:15 true
     0 | D:1      | 0 ||| qw: Do second Lair branch before Depths: true
     0 | D:1      | 0 ||| qw: Lair rune preference: random
     0 | D:1      | 0 ||| qw: Goals: Normal
     0 | D:1      | 0 ||| PLANNING D:1-11
    42 | D:1      | Reached skill level 3 in Dodging
   243 | D:1      | Reached XP level 2. HP: 14/14 MP: 3/3
   860 | D:1      | 860 ||| READING scroll labelled SIWKUCW NOSCHUF.
   861 | D:1      | 861 ||| READING 2 scrolls labelled RITHUH HEAMAC.
   861 | D:1      | 861 ||| ENCHANTING +0 shortbow.
   862 | D:1      | 862 ||| READING scroll of enchant weapon.
   862 | D:1      | 862 ||| ENCHANTING +1 shortbow.
   863 | D:1      | 863 ||| READING 2 scrolls labelled GIYXOEPT NYTAF.
   863 | D:1      | 863 ||| IDENTIFYING glowing black potion
   864 | D:1      | 864 ||| READING scroll of identify.
   864 | D:1      | 864 ||| IDENTIFYING bubbling emerald potion
   865 | D:1      | 865 ||| READING scroll labelled TIX SECEWAAMO.
   866 | D:1      | 866 ||| DROPPING scroll of butterflies.
   867 | D:1      | 867 ||| DROPPING potion of lignification.
   906 | D:2      | Reached XP level 3. HP: 17/18 MP: 4/4
  1786 | D:2      | 1786 ||| READING scroll labelled BEEMIUFRIB.
  1788 | D:2      | 1788 ||| Stepping ~*~*~tactically~*~*~ (cloud).
  1790 | D:2      | HP: 2/18 [poisoned by you (poison gas)]
  1792 | D:2      | Succumbed to their own poison gas

Levels and vault maps discovered:
D:1:      dpeg_arrival_stone_temple_mockup, layout_basic
D:2:      layout_loops_corners, dreamdust_mushroom_princess,
          minmay_misc_feat_ornament

Skill      XL: |  1  2 |
---------------+-------+-----
Dodging        | 3 4 |  4.0
Fighting       | |  1.5
Ranged Weapons | |  4.9
Stealth        | |  1.5

Action                     || total
---------------------------++-------
   Fire: Shortbow          ||    92
    Use: Scroll            ||     7
 Armour: Robe              ||     8
  Dodge: Dodged            ||    46

Table legend:
 A = Non-vault XP
 B = Vault XP
 C = Vault XP percentage of total XP
 D = Non-vault monster count
 E = Vault monster count
 F = Vault count percentage of total count
                 A         B        C        D         E       F
            +---------+---------+-------+---------+---------+-------
      Total |      81 |       0 |   0.0 |      29 |       0 |   0.0
            +---------+---------+-------+---------+---------+-------
        D:1 |      26 |       0 |   0.0 |      16 |       0 |   0.0
        D:2 |      55 |       0 |   0.0 |      13 |       0 |   0.0
            +---------+---------+-------+---------+---------+-------
